 Dungeon Crawl Stone Soup version 0.31-a0-662-g684573625c (webtiles) character file.

Game seed: 8394239783805077160

4109 SmokeWeed the Thaumaturge (level 10, -1/52 HPs)
             Began as a Deep Elf Summoner on Sept 1, 2023.
             Was an Initiate of Gozag.
             Shot with a sling bullet by Joseph (21 damage)
             ... on level 8 of the Dungeon.
             The game lasted 00:51:00 (8448 turns).

SmokeWeed the Thaumaturge (Deep Elf Summoner)       Turns: 8448, Time: 00:51:00

Health: -1/52      AC:  7    Str:  5    XL:     10   Next: 6%
Magic:  19/28      EV: 14    Int: 21    God:    Gozag
Gold:   426        SH:  0    Dex: 19    Spells: 14/33 levels left

rFire   + . .        p - +2 mace (protect)
rCold   . . .        (no shield)
rNeg    . . .        z - +2 robe {rF+}
rPois   .            (no helmet)
rElec   .            (no cloak)
rCorr   .            v - +2 pair of gloves
SInv    .            (no boots)
Will    +....        (no amulet)
Stlth   +++          g - ring of wizardry
HPRegen 0.28/turn    o - ring of flight
MPRegen 0.21/turn

%: wizardry (x1)
@: about to teleport, flying
A: no striking features
a: Renounce Religion, Potion Petition, Call Merchant, Bribe Branch


You were on level 8 of the Dungeon.
You worshipped Gozag.
Gozag was aware of your devotion.
You visited 2 branches of the dungeon, and saw 9 of its levels.

You collected 534 gold pieces.
You paid 108 gold pieces to Gozag.

Inventory:

Hand Weapons
 p - a +2 mace of protection (weapon)
 x - a +1 dagger of holy wrath
 F - a +2 scimitar of flaming
Missiles
 i - 4 boomerangs
 u - 2 throwing nets
Armour
 a - a +1 robe
 v - a +2 pair of gloves (worn)
 z - a +2 robe of fire resistance (worn)
 D - +0 swamp dragon scales
Magical Staves
 h - a staff of conjuration
 s - a staff of earth
Jewellery
 g - a ring of wizardry (left hand)
 o - a ring of flight (right hand)
Talismans
 n - a beast talisman
Wands
 B - a wand of flame (15)
 E - a wand of digging (5)
Scrolls
 k - 2 scrolls of teleportation
 l - 2 scrolls of fear
 q - a scroll of fog
 w - a scroll of vulnerability {unknown}
 y - a scroll of poison {unknown}
 A - a scroll of identify
 C - a scroll of blinking
Potions
 b - a potion of magic
 c - a potion of lignification
 d - a potion of heal wounds {unknown}
 e - 2 potions of invisibility
 f - a potion of resistance
 j - a potion of might
 m - a potion of degeneration
 r - a potion of enlightenment
 t - a potion of curing {unknown}


   Skills:
 + Level 1.0 Fighting
 + Level 1.7 Maces & Flails
 + Level 0.2(1.4) Staves
 + Level 3.7 Dodging
 + Level 4.1 Stealth
 + Level 12.2 Spellcasting
 + Level 4.5 Hexes
 + Level 10.8 Summonings
 + Level 2.8 Air Magic


You had 14 spell levels left.
You knew the following spells:

 Your Spells              Type           Power      Damage    Failure   Level
a - Summon Small Mammal   Summ           100%       N/A       1%          1
b - Call Imp              Summ           100%       N/A       1%          2
c - Call Canine Familiar  Summ           55%        N/A       1%          3
d - Summon Lightning Spi  Summ/Air       41%        N/A       1%          4
e - Summon Guardian Gole  Hex/Summ       45%        N/A       1%          3
f - Tukima's Dance        Hex            31%        N/A       1%          3
g - Mephitic Cloud        Conj/Pois/Air  16%        N/A       4%          3

Your spell library contained the following spells:

 Spells                   Type           Power      Damage    Failure   Level
 Poisonous Vapours        Pois/Air       36%        N/A       1%          2
 Cigotuvi's Dreadful Rot  Necr/Pois/Air  32%        N/A       2%          2
 Ignite Poison            Fire/Tmut/Pois 12%        N/A       6%          3
 Passage of Golubria      Tloc           12%        N/A       21%         4
 Yara's Violent Unravell  Hex/Tmut       11%        3d6       22%         5
 Freezing Cloud           Conj/Ice/Air   8%         6-21      36%         5


Dungeon Overview and Level Annotations

Branches:
Dungeon (8/15)             Temple (1/1) D:7
   Lair: D:8-11

Altars:
Ashenzari
Cheibriados
Dithmenos
Elyvilon
Fedhas
Gozag
Kikubaaqudgha
Makhleb
Okawaru
Qazlal
Ru
Sif Muna
Trog
Uskayaw
Vehumet
Wu Jian
Xom
Yredelemnul
The Shining One

Shops:
D:1 *   D:2 =*(=!   D:4 ?

Annotations:
D:8 Joseph


Message History

Things that are here:
a +0 mace; a +0 robe You now have 361 gold pieces (gained 4).
Things that are here:
a +4 dire flail; a +0 robe
Found 22 gold pieces.
You now have 370 gold pieces (gained 9).
Things that are here:
a +0 hand axe; a +0 robe You now have 375 gold pieces (gained 5).
Things that are here:
a +4 dagger; a +0 robe You now have 382 gold pieces (gained 7).
You now have enough gold to petition Gozag for potion effects.
You now have 404 gold pieces (gained 22).
Found 7 stones.
E - a wand of digging (5)
Found 11 gold pieces.
l - 2 scrolls of fear (gained 1)
Found 2 stones.
You now have 415 gold pieces (gained 11).
You now have 426 gold pieces (gained 11).
Joseph, a Mercenary comes into view.
He is wielding a +0 quarterstaff.
Joseph shouts!
Joseph unwields a +0 quarterstaff.
Joseph wields a +3 sling.
Joseph shoots a sling bullet.
The sling bullet hits you!!
Casting: Call Imp (safe; 1% risk of failure)
Confirm with . or Enter, or press ? or * to list all spells.
An electric hum fills the air.
Joseph shoots a sling bullet.
The sling bullet hits you!
As you read the scroll of teleportation, it crumbles to dust.
You feel strangely unstable.
Casting: Call Canine Familiar (safe; 1% risk of failure)
Press: ? - help, Q - select action, (/) - cycle Dir - look around, f - activate
Casting: Call Canine Familiar (safe; 1% risk of failure)
Confirm with . or Enter, or press ? or * to list all spells.
Your warg disappears in a puff of smoke!
Joseph shoots a sling bullet.
The sling bullet hits you!!
You die...
Your body crumbles into a pile of gold.

....###................#
....####...............#
#....# ##..............#
##...# #.............@.
##..####....####.......
##........## ##......
##..#####.###.@.# #.###
##.#ยง.###..# #.#
##.#@h..# ### #8#######
##


You could see Joseph (ally target) and a friendly warg (summoned).

Vanquished Creatures
  A bullfrog (D:6)
  2 hounds
  An orc wizard (D:6)
  A gnoll (D:5)
  An adder (D:6)
  A dart slug (D:2)
  2 orcs
  A goblin (D:3)
  A hobgoblin (D:4)
  A jackal (D:2)
  A ball python (D:2)
  A rat (D:2)
14 creatures vanquished.

Vanquished Creatures (collateral kills)
  Pikel (D:8)
  Maggie (D:7)
  A wyvern (D:7)
  An ice beast (D:3)
  A sky beast (D:7)
  An orc warrior (D:6)
  2 black bears
  An ogre (D:6)
  A lemure (D:8)
  A phantom (D:5)
  3 scorpions
  A gnoll sergeant (D:5)
  4 wights (D:8)
  A howler monkey (D:6)
  3 hounds
  A jelly (D:5)
  3 orc priests
  2 gnoll boudas
  6 iguanas
  2 sleepcaps
  An orc wizard (D:6)
  23 gnolls
  3 adders
  A shadow imp (D:7)
  2 white imps
  An ufetubus (D:5)
  3 worms
  3 dart slugs
  13 orcs
  4 endoplasms
  A giant cockroach (D:2)
  2 goblins
  6 hobgoblins
  5 jackals
  6 kobolds
  3 quokkas
  4 ball pythons
  2 bats
  2 frilled lizards
  5 rats
127 creatures vanquished.

Vanquished Creatures (others)
  Erica (D:8)
  Menkaure (D:7)
  A dancing weapon (D:6)
  A black bear (D:6)
  A sky beast (D:7)
  2 ogres (D:6)
  A gnoll bouda (D:6)
  An adder (D:6)
  2 gnolls
11 creatures vanquished.

Grand Total: 152 creatures vanquished

Notes
Turn   | Place    | Note
-------+----------+-------------------------------------------
     0 | D:1      | SmokeWeed the Deep Elf Summoner began the quest for the
                  | Orb.
     0 | D:1      | Reached XP level 1. HP: 10/10 MP: 6/6
   165 | D:1      | Found Tuqiaff's Assorted Antiques.
   181 | D:1      | You fall into a shaft and drop 1 floor!
   236 | D:2      | Reached XP level 2. HP: 15/15 MP: 6/8
   426 | D:2      | Reached skill level 5 in Summonings
   438 | D:2      | Learned a level 2 spell: Call Imp
   462 | D:2      | Reached XP level 3. HP: 19/19 MP: 6/9
   701 | D:2      | Found Cicserig's Jewellery Emporium.
   777 | D:2      | Found Hiopn's Jewellery Emporium.
   863 | D:2      | Found Diahal's Assorted Antiques.
   881 | D:2      | Found Gory's Weapon Boutique.
   910 | D:2      | Found Eganas's Distillery.
  1407 | D:2      | Learned a level 3 spell: Call Canine Familiar
  1655 | D:3      | Reached skill level 4 in Spellcasting
  1655 | D:3      | Reached XP level 4. HP: 14/24 MP: 1/12
  2285 | D:3      | Noticed an ice beast
  2305 | D:3      | Killed an ice beast
  2306 | D:3      | Reached XP level 5. HP: 28/28 MP: 9/14
  2632 | D:4      | Found Otuocusa's Magic Scroll Shoppe.
  2645 | D:4      | Learned a level 4 spell: Summon Lightning Spire
  2659 | D:4      | Noticed an orc warrior
  3002 | D:4      | Reached skill level 5 in Spellcasting
  3037 | D:4      | Reached XP level 6. HP: 6/33 MP: 9/15
  3391 | D:4      | Found a blossoming altar of Fedhas.
  3843 | D:4      | Found a white marble altar of Elyvilon.
  3849 | D:4      | Reached skill level 6 in Spellcasting
  4220 | D:5      | Entered Level 5 of the Dungeon
  4529 | D:5      | Reached XP level 7. HP: 37/37 MP: 16/19
  4910 | D:5      | Reached skill level 7 in Spellcasting
  5559 | D:5      | Learned a level 3 spell: Summon Guardian Golem
  5686 | D:6      | Reached skill level 8 in Spellcasting
  5686 | D:6      | Reached XP level 8. HP: 42/42 MP: 22/22
  5761 | D:6      | Reached skill level 1 in Air Magic
  6021 | D:6      | Found a hide-covered altar of Uskayaw.
  6144 | D:6      | Reached skill level 1 in Maces & Flails
  6201 | D:6      | Reached skill level 1 in Hexes
  6220 | D:6      | Reached skill level 9 in Spellcasting
  6598 | D:6      | Found a bloodstained altar of Trog.
  6642 | D:6      | Found a shimmering blue altar of Sif Muna.
  6648 | D:6      | Got Sif Muna's Codex of Venom
  6653 | D:6      | Learned a level 3 spell: Tukima's Dance
  6968 | D:7      | Reached skill level 1 in Fighting
  6968 | D:7      | Reached skill level 10 in Spellcasting
  6968 | D:7      | Reached XP level 9. HP: 47/47 MP: 18/25
  7142 | D:7      | Found a staircase to the Ecumenical Temple.
  7159 | Temple   | Entered the Ecumenical Temple
  7212 | Temple   | Became a worshipper of Gozag Ym Sagoz the Greedy
  7322 | D:7      | Noticed Menkaure
  7323 | D:7      | Noticed Maggie
  7340 | D:7      | Killed Menkaure
  7646 | D:7      | Found a stormy altar of Qazlal.
  7982 | D:7      | Found a shadowy altar of Dithmenos.
  7986 | D:7      | Found a glowing golden altar of the Shining One.
  7991 | D:7      | Found an iron altar of Okawaru.
  8008 | D:7      | Found an ornate altar of the Wu Jian Council.
  8011 | D:7      | Found a basalt altar of Yredelemnul.
  8029 | D:7      | Killed Maggie
  8030 | D:7      | Reached skill level 10 in Summonings
  8105 | D:7      | Learned a level 3 spell: Mephitic Cloud
  8174 | D:8      | Noticed Pikel
  8182 | D:8      | Reached skill level 11 in Spellcasting
  8183 | D:8      | Killed Pikel
  8192 | D:8      | Noticed Erica
  8204 | D:8      | Killed Erica
  8205 | D:8      | Reached skill level 12 in Spellcasting
  8205 | D:8      | Reached XP level 10. HP: 52/52 MP: 9/28
  8440 | D:8      | Noticed Joseph
  8448 | D:8      | Shot with a sling bullet by Joseph

Illustrated notes

Levels and vault maps discovered:
D:1:      lemuel_arrival_behind_the_door_small, layout_basic, serial_shops,
          nicolae_shop_rolled_up, shop, nicolae_lakefront_shop
D:2:      layout_basic, serial_shops, nicolae_shop_peninsula, shop,
          nicolae_shop_industrial_runoff, nicolae_shop_real_fake_doors,
          nicolae_shop_hallway_plus
D:3:      layout_basic, roderic_roman_lattice, corexii_shack
D:4:      layout_loops_ring, mainiacjoe_overflow_alcove_2, kennysheep_mini,
          serial_shops, shop_fountains
D:5:      layout_layer_cave
D:6:      layout_loops_ring, nzn_overflow_gifts_of_might_and_magic,
          mainiacjoe_overflow_boulevard, dreamdust_wishing_well
D:7:      layout_cave_pods, nicolae_qazlal_beasts_of_the_sky,
          minmay_overflow_temple_star_hex, minmay_temple_entry_drinking_statues,
          uniq_menkaure, uniq_maggie
D:8:      layout_layer_cave, nicolae_overflow_hidden_temple,
          kennysheep_generic_room_12, uniq_jeremiah, uniq_pikel, uniq_erica,
          uniq_joseph
Temple:   nicolae_temple_two_arcs

Skill      XL: |  1  2  3  4  5  6  7  8  9 |
---------------+----------------------------+-----
Dodging        | 3 |  3.7
Summonings     | 5 6 7 8 9 10 | 10.8
Spellcasting   | 4 5 6 8 10 12 | 12.2
Stealth        | 3 4 |  4.1
Air Magic      | 1 2 |  2.8
Maces & Flails | 1 |  1.7
Hexes          | 2 4 |  4.5
Fighting       | 1 |  1.0
Staves         | |  0.2

Action                     |  1- 3 |  4- 6 |  7- 9 | 10-12 || total
---------------------------+-------+-------+-------+-------++-------
  Melee: Short sword       |     7 |       |       |       ||     7
         Staff             |    17 |    12 |       |       ||    29
         Mace              |       |    17 |    24 |       ||    41
         Punch             |       |       |     2 |       ||     2
   Cast: Summon Small Mamm |    36 |     4 |     1 |       ||    41
         Call Imp          |     9 |    15 |     8 |       ||    32
         Call Canine Famil |     4 |    29 |    34 |     2 ||    69
         Summon Lightning  |       |       |    14 |     1 ||    15
         Summon Guardian G |       |       |    18 |       ||    18
         Tukima's Dance    |       |       |     3 |       ||     3
    Use: Scroll            |     6 |     3 |     4 |     1 ||    14
   Stab: Distracted        |       |     2 |       |       ||     2
 Armour: Robe              |    40 |    39 |    28 |     3 ||   110
  Dodge: Dodged            |    58 |    46 |    23 |       ||   127

Table legend: (Time is in decaauts)
 A = Elapsed time spent in this place.
 B = Non-inter-level travel time spent in this place.
 C = Inter-level travel time spent in this place.
 D = Time resting spent in this place.
 E = Time spent auto-exploring this place.
 F = Levels seen in this place.
 G = Mean time per level.
                   A        B        C        D        E       F      G
               +--------+--------+--------+--------+--------+-----+--------+
         Total |   8469 |   7869 |    600 |    835 |   4678 |   9 |  941.0 |
       Dungeon |   8405 |   7805 |    600 |    804 |   4678 |   8 | 1050.6 |
        Temple |     63 |     63 |      0 |     31 |      0 |   1 |   63.0 |
               +--------+--------+--------+--------+--------+-----+--------+

Top non-repeatable levels by time:
     D:3: 1511 daAuts
     D:5: 1439 daAuts
     D:6: 1327 daAuts
     D:4: 1310 daAuts
     D:2: 1229 daAuts
     D:7: 1133 daAuts
     D:8: 273 daAuts
     D:1: 181 daAuts
  Temple: 63 daAuts
